[Event "Titled Tuesday Blitz September 21 2021"]
[White "Costachi, Mihnea"]
[Black "Dudzinski, Pawel"]
[WhiteFideId "1217518"]
[BlackFideId "1117890"]
[WhiteElo "2482"]
[BlackElo "2193"]
[Result "1/2-1/2"]
[Round "06"]
[TimeControl "180+1"]
[Date "2021.09.21"]
[WhiteClock "0:00:23"]
[BlackClock "0:00:05"]

1. d4 d5 2. c4 e6 3. Nc3 Nf6 4. cxd5 exd5 5. Bg5 Bb4 6. e3 O-O 7. Bd3 h6 8. Bh4 c5 9. Nf3 Nc6 10. O-O cxd4 11. Nxd4 Nxd4 12. Bxf6 Qxf6 13. Nxd5 Qd6 14. Nxb4 Qxb4 15. exd4 Qxb2 16. Be4 Rd8 17. d5 Qf6 18. Qd3 b6 19. Rac1 Bg4 20. h3 Bh5 21. Rc6 Rd6 22. Rfc1 Rad8 23. Rc8 Bg6 24. Rxd8+ Qxd8 25. Bxg6 fxg6 26. Rd1 Kh7 27. a4 h5 28. Qb5 Qg5 29. a5 bxa5 30. Qxa5 a6 31. Qc5 Qe5 32. Qc4 a5 33. h4 a4 34. g3 a3 35. Qb3 Qb2 36. Qxb2 axb2 37. Rb1 Rxd5 38. Rxb2 g5 39. hxg5 Rxg5 40. Rb4 Kh6 41. Kg2 g6 42. f4 Ra5 43. Rb7 Ra2+ 44. Kf3 Ra3+ 45. Kg2 Ra2+ 46. Kh3 Ra6 47. Rb8 Rc6 48. Kh4 Rc1 49. Rh8+ Kg7 50. Ra8 Kh6 51. Kh3 Rh1+ 52. Kg2 Rb1 53. Ra6 Rb2+ 54. Kf3 Rb3+ 55. Kg2 Rb2+ 56. Kh3 Rb5 57. Kh4 Rc5 58. Ra8 Rc1 59. Kh3 Rh1+ 60. Kg2 Rb1 61. Rc8 Ra1 62. Rc2 Rb1 63. Rc3 Ra1 64. Kf3 Rb1 65. Ke4 Rb5 66. Ra3 Rc5 67. Kd4 Rb5 68. Kc4 Rf5 69. Rf3 Rf8 70. Kd5 Re8 71. Kd6 g5 72. f5 Kg7 73. f6+ Kf7 74. Rf5 Re6+ 75. Kd5 Rxf6 76. Rxg5 Rg6 77. Rf5+ Kg7 78. Rf3 Rg4 79. Ke5 Kg6 80. Rf6+ Kg5 81. Rf5+ Kg6 82. Rf3 Kg5 83. Ke6 Kg6 84. Rf8 h4 85. Rg8+ Kh5 86. Rh8+ Kg5 87. gxh4+ Rxh4 88. Rf8 Rf4 89. Rg8+ Kh4 90. Ke5 Rf2 91. Rg7 Rf1 1/2-1/2


[Site "https://www.chess.com"]

[Event "Titled Tuesday Blitz September 21 2021"]
[White "Coto Mederos, Michel"]
[Black "Balleisen, Aaron"]
[WhiteFideId "3508528"]
[BlackFideId "2087073"]
[WhiteElo "2427"]
[BlackElo "2282"]
[Result "1/2-1/2"]
[Round "06"]
[TimeControl "180+1"]
[Date "2021.09.21"]
[WhiteClock "0:00:03"]
[BlackClock "0:00:15"]

1. c4 b6 2. Nc3 Bb7 3. e4 e6 4. Nf3 Bb4 5. d3 Ne7 6. Be2 O-O 7. a3 Bxc3+ 8. bxc3 c5 9. O-O Nbc6 10. Bg5 f6 11. Bh4 Ng6 12. Bg3 e5 13. d4 d6 14. Re1 Qe7 15. Bf1 Na5 16. Rb1 Ba6 17. Nd2 Qf7 18. d5 Qd7 19. Bd3 Rae8 20. f3 Nf4 21. Bf1 g5 22. Bf2 h5 23. Be3 Kf7 24. g3 Ng6 25. Bd3 Rh8 26. Kg2 Reg8 27. Rf1 h4 28. g4 h3+ 29. Kh1 Nf4 30. Bxf4 gxf4 31. Rb2 Ke8 32. Rg1 Kd8 33. Qc2 Kc7 34. Rgb1 Rg7 35. Rc1 Qe8 36. Be2 Bc8 37. Rg1 Bd7 38. Qb1 Ba4 39. Bd1 Bd7 40. Be2 Rhg8 41. Nb3 Nxb3 42. Rxb3 Qc8 43. Qf1 Rh8 44. Rb2 Qa6 45. Qa1 Qa5 46. Rbb1 Bc8 47. a4 Bd7 48. Rb3 Kb7 49. Qb2 Rhg8 50. Rb5 Qa6 51. a5 Bxb5 52. cxb5 Qxa5 53. Ra1 Qxa1+ 54. Qxa1 Kb8 55. Qf1 Rh8 56. Qf2 Rhh7 57. Bf1 Rh8 58. Qa2 Rgh7 59. Kg1 Rg7 60. Kf2 Rhh7 61. Ke1 Rh8 62. Kd1 Rh6 63. Kc1 Rh8 64. Kb2 Rhh7 65. Kb3 Rh8 66. Kc4 Rh6 67. Qf2 Rh8 68. Qg1 Rh6 69. Be2 Rh8 70. Bf1 Rh5 71. Qf2 Rhh7 72. Kd3 Rh8 73. Qa2 Rh6 74. Kd2 Rh8 75. Ke1 Rh6 76. Qb2 Rh8 77. Qe2 Rh6 78. Kf2 Rh8 79. Kg1 Rh6 80. Qf2 Rh8 81. Qe2 Rh6 82. Qa2 Rh8 83. Qb2 Rh6 84. Qa3 Rh8 85. Qa6 Rh6 86. Qa2 Rh8 1/2-1/2


[Site "https://www.chess.com"]

[Event "Titled Tuesday Blitz September 21 2021"]
[White "Deac, Bogdan-Daniel"]
[Black "Gabrielian, Artur"]
[WhiteFideId "1226380"]
[BlackFideId "4131002"]
[WhiteElo "2605"]
[BlackElo "2489"]
[Result "1-0"]
[Round "06"]
[TimeControl "180+1"]
[Date "2021.09.21"]
[WhiteClock "0:00:04"]
[BlackClock "0:00:05"]

1. e4 c5 2. Nf3 d6 3. Bb5+ Nd7 4. d4 cxd4 5. Qxd4 a6 6. Be2 Ngf6 7. O-O e5 8. Qe3 Nc5 9. Nfd2 Be7 10. c4 O-O 11. Nc3 Ne6 12. Nb3 b5 13. cxb5 axb5 14. Bxb5 Bb7 15. Rd1 Nf4 16. Qf3 Ne6 17. Be3 Qb8 18. a4 Rc8 19. Rac1 Rxc3 20. bxc3 Nxe4 21. Qe2 d5 22. Nd2 Nd6 23. Nf3 f6 24. c4 d4 25. Bxd4 Nf4 26. Qe1 Qc8 27. Qe3 Qg4 28. Ne1 Nf5 29. h3 Qg6 30. Qb3 Bxg2 31. Kh2 Nxd4 32. Rxd4 exd4 33. Qg3 Bd6 34. Nxg2 Qxg3+ 35. fxg3 Ne2 36. Rd1 Nxg3 37. Kg1 Bc5 38. Nf4 Nf5 39. Nd3 Be7 40. c5 Rc8 41. c6 Nd6 42. Rc1 Bd8 43. Ba6 Ra8 44. Bb5 Rc8 45. Nf4 Bb6 46. Nd5 Ba7 47. Ne7+ Kf8 48. Nxc8 Nxc8 49. c7 Ke7 50. Ba6 d3+ 51. Kf1 d2 52. Rd1 Nd6 53. c8=Q Nxc8 54. Bxc8 Kd6 55. Rxd2+ 1-0


[Site "https://www.chess.com"]

[Event "Titled Tuesday Blitz September 21 2021"]
[White "Demin, Vladimir"]
[Black "Hambleton, Aman"]
[WhiteFideId "4167457"]
[BlackFideId "2606577"]
[WhiteElo "2510"]
[BlackElo "2552"]
[Result "0-1"]
[Round "06"]
[TimeControl "180+1"]
[Date "2021.09.21"]
[WhiteClock "0:01:19"]
[BlackClock "0:00:24"]

1. e4 b6 2. d4 Bb7 3. Nc3 e6 4. Bd3 Nf6 5. Nge2 d5 6. e5 Ng8 7. Nf4 Ba6 8. O-O Bxd3 9. cxd3 Qd7 10. Nh5 Nc6 11. Be3 g6 12. Ng3 h5 13. a3 Nge7 14. h4 Nf5 15. Nxf5 exf5 16. b4 a6 17. Qf3 Rd8 18. Rfe1 Be7 19. Qg3 Rc8 20. Rac1 Nd8 21. Qf3 c6 22. g3 Ne6 23. Na4 Rb8 24. Rc2 c5 25. Nxb6 Rxb6 26. dxc5 Rc6 27. d4 f4 28. gxf4 Ng7 29. a4 Rc8 30. b5 axb5 31. axb5 Qxb5 32. Qxd5 O-O 33. f5 Nxf5 34. Bg5 Bxg5 35. hxg5 Rfd8 36. Qc4 Qxc4 37. Rxc4 Rxd4 38. Rxd4 Nxd4 39. Rd1 Nf3+ 40. Kg2 Nxg5 41. f4 Ne6 0-1


[Site "https://www.chess.com"]

[Event "Titled Tuesday Blitz September 21 2021"]
[White "Devaev, Alexander"]
[Black "Stoyanov, Tsvetan"]
[WhiteFideId "4169395"]
[BlackFideId "2917173"]
[WhiteElo "2185"]
[BlackElo "2191"]
[Result "1-0"]
[Round "06"]
[TimeControl "180+1"]
[Date "2021.09.21"]
[WhiteClock "0:00:15"]
[BlackClock "0:00:03"]

1. d4 Nf6 2. c4 e6 3. Nf3 d5 4. cxd5 exd5 5. Nc3 c6 6. Bg5 Bf5 7. e3 Nbd7 8. Nh4 Be6 9. Nf3 h6 10. Bh4 Bf5 11. Bd3 Bxd3 12. Qxd3 Bd6 13. O-O O-O 14. Rab1 a5 15. a3 Re8 16. Rfc1 Qb6 17. Bxf6 Nxf6 18. Qc2 Ne4 19. Nxe4 Rxe4 20. h3 Rae8 21. b4 axb4 22. axb4 Qb5 23. Rb3 Ra8 24. Qd3 Qxd3 25. Rxd3 Ra4 26. Rb3 Rxb4 27. Rxb4 Bxb4 28. Rb1 c5 29. dxc5 Bxc5 30. Rxb7 d4 31. Rb8+ Kh7 32. Rc8 Bb6 33. Rc6 Ba7 34. Ra6 Bc5 35. Ra5 Bb6 36. Rb5 Re6 37. exd4 Rd6 38. Rb4 Kg6 39. Kf1 Kf5 40. Rb5+ Ke4 41. Re5+ Kd3 42. Re7 Bxd4 43. Rxf7 Bf6 44. Ra7 Rb6 45. Ra3+ Bc3 46. g3 Rb1+ 47. Kg2 Kc4 48. Ra8 Rb2 49. Rc8+ Kd3 50. Rd8+ Kc4 51. Rd7 Bf6 52. g4 Rb5 53. Rc7+ Kd3 54. Rd7+ Ke4 55. Rd1 Kf4 56. Rc1 Rb4 57. Rc2 Re4 58. Ng1 Ke5 59. Nf3+ Kd5 60. Rd2+ Ke6 61. Ng1 Rd4 62. Rc2 Kf7 63. Ne2 Rd5 64. Ng3 Ke6 65. Rc6+ Rd6 66. Rc2 Rd5 67. Nf5 Be5 68. Rc6+ Kf7 69. Ra6 Bf6 70. Ra7+ Kg6 71. Ra2 Rd3 72. Ng3 Rd5 73. Ne4 Rd7 74. Ng3 Re7 75. Nf5 Re6 76. Ra5 Bg5 77. h4 Bf6 78. h5+ Kg5 79. Nxg7+ Kxg4 80. Nxe6 1-0


[Site "https://www.chess.com"]

[Event "Titled Tuesday Blitz September 21 2021"]
[White "Djordjevic, Vuk"]
[Black "Visakh N R"]
[WhiteFideId "902098"]
[BlackFideId "25012223"]
[WhiteElo "2463"]
[BlackElo "2454"]
[Result "0-1"]
[Round "06"]
[TimeControl "180+1"]
[Date "2021.09.21"]
[WhiteClock "0:00:05"]
[BlackClock "0:01:02"]

1. d4 Nf6 2. Bg5 g6 3. Bxf6 exf6 4. c4 d5 5. Nc3 dxc4 6. e3 Bd6 7. Bxc4 O-O 8. Nf3 c6 9. O-O f5 10. Rb1 Nd7 11. b4 a6 12. a4 b5 13. Bd3 Nf6 14. e4 fxe4 15. Nxe4 Nd5 16. Ne5 Nxb4 17. Rxb4 Bxb4 18. Nxc6 Qb6 19. Nxb4 Qxd4 20. Nc6 Qb6 21. Ne7+ Kg7 22. Qa1+ f6 23. Nd5 Qd8 24. Nexf6 Rxf6 25. Qxf6+ Qxf6 26. Nxf6 Kxf6 27. axb5 a5 28. Ra1 Bb7 29. f3 Ke5 30. Kf2 Kd4 31. Ke2 a4 32. Kd2 a3 33. h4 a2 34. h5 gxh5 35. Bxh7 h4 36. Kc2 Bd5 37. Be4 Bxe4+ 38. fxe4 Rg8 39. Rxa2 Rxg2+ 40. Kb3 Rxa2 41. Kxa2 Kc5 42. e5 Kxb5 0-1


[Site "https://www.chess.com"]

[Event "Titled Tuesday Blitz September 21 2021"]
[White "Dmitrenko, Viktor"]
[Black "Molina, Roberto Junio Brito"]
[WhiteFideId "14110270"]
[BlackFideId "2109450"]
[WhiteElo "2294"]
[BlackElo "2402"]
[Result "0-1"]
[Round "06"]
[TimeControl "180+1"]
[Date "2021.09.21"]
[WhiteClock "0:00:06"]
[BlackClock "0:00:09"]

1. d4 d5 2. Nf3 Nf6 3. c4 c6 4. Qc2 g6 5. Bf4 Bg7 6. e3 Bf5 7. Qb3 Qb6 8. Nc3 e6 9. c5 Qxb3 10. axb3 Nbd7 11. b4 O-O 12. b5 cxb5 13. Bxb5 a6 14. Be2 Rfc8 15. h3 h6 16. O-O g5 17. Bh2 Ne4 18. Nxe4 Bxe4 19. Nd2 Bg6 20. b4 e5 21. dxe5 Nxe5 22. Nb3 Nc6 23. b5 axb5 24. Rxa8 Rxa8 25. Bxb5 Ra3 26. Bxc6 bxc6 27. Nd4 Ra6 28. Rd1 Kf8 29. Bd6+ Ke8 30. g4 Kd7 31. Kg2 Be4+ 32. Kg3 Ra3 33. Rd2 Bf6 34. Nf3 Bxf3 35. Kxf3 Be7 36. Bxe7 Kxe7 37. Rb2 Rc3 38. Rb7+ Kf6 39. Ke2 Rc2+ 40. Kd3 Rxc5 41. f4 gxf4 42. exf4 Rc4 43. Ke3 Re4+ 44. Kf3 Re7 45. Rb6 Rc7 46. h4 Ke6 47. f5+ Ke5 48. Rb1 c5 49. Re1+ Kd6 50. Kf4 c4 51. g5 hxg5+ 52. Kxg5 c3 53. h5 d4 54. h6 d3 55. h7 f6+ 56. Kg6 Rxh7 57. Kxh7 d2 58. Rd1 Ke5 59. Kg6 c2 60. Rxd2 c1=Q 61. Re2+ Kf4 62. Re6 Qg1+ 63. Kxf6 Qg5+ 64. Kf7 Kxf5 65. Ra6 Qh5+ 66. Kg7 Qg4+ 67. Kf7 Qc4+ 68. Kg7 Qxa6 0-1


[Site "https://www.chess.com"]

[Event "Titled Tuesday Blitz September 21 2021"]
[White "Espinosa Veloz, Ermes"]
[Black "Okike, David"]
[WhiteFideId "3507424"]
[BlackFideId "8500134"]
[WhiteElo "2333"]
[BlackElo "2232"]
[Result "1-0"]
[Round "06"]
[TimeControl "180+1"]
[Date "2021.09.21"]
[WhiteClock "0:00:28"]
[BlackClock "0:00:56"]

1. e4 c5 2. Nf3 Nc6 3. Bb5 g6 4. O-O Bg7 5. Re1 Nh6 6. c3 O-O 7. d4 cxd4 8. cxd4 f5 9. e5 Nf7 10. Bf4 e6 11. Nc3 g5 12. Bc1 g4 13. Nd2 Nxd4 14. Nc4 Nxb5 15. Nxb5 a6 16. Nbd6 b5 17. Nxf7 Rxf7 18. Nd6 Rf8 19. Bf4 Qb6 20. Rc1 Bb7 21. Be3 Qa5 22. Nxb7 Qxa2 23. Qxd7 Bxe5 24. Nc5 Rf7 25. Qxe6 Qxe6 26. Nxe6 Bxb2 27. Rc2 Be5 28. Rec1 Re7 29. Nf4 b4 30. Rc8+ Rxc8 31. Rxc8+ Kf7 32. Nd3 Bc3 33. Rb8 a5 34. Rb5 Kg6 35. Nf4+ Kf7 36. Rxf5+ Ke8 37. Nd5 Rd7 38. Kf1 a4 39. Nxc3 bxc3 40. Ra5 c2 41. Rxa4 Rd1+ 42. Ke2 c1=Q 43. Bxc1 Rxc1 44. Rxg4 Kf7 45. Rd4 Ra1 46. f4 Ra3 47. Rd3 Ra1 48. Kf3 Rf1+ 49. Kg4 Rf2 50. Kg3 Rf1 51. h3 Kg7 52. Kg4 Rg1 53. g3 Kg6 54. Rd6+ Kg7 55. f5 Ra1 56. Kf4 Ra4+ 57. Kg5 Ra7 58. g4 Rb7 59. Re6 Ra7 60. Re7+ Rxe7 61. f6+ Kf7 62. fxe7 Kxe7 63. Kh6 Kf6 64. Kxh7 Kg5 65. Kg7 1-0


[Site "https://www.chess.com"]

[Event "Titled Tuesday Blitz September 21 2021"]
[White "Eynullayev, Atilla"]
[Black "Ozen, Bahadir"]
[WhiteFideId "13413570"]
[BlackFideId "6337058"]
[WhiteElo "1997"]
[BlackElo "2503"]
[Result "0-1"]
[Round "06"]
[TimeControl "180+1"]
[Date "2021.09.21"]
[WhiteClock "0:00:04"]
[BlackClock "0:00:07"]

1. d4 Nf6 2. c4 e6 3. Nc3 Bb4 4. e3 O-O 5. Nf3 d5 6. Bd2 c5 7. a3 Bxc3 8. Bxc3 Ne4 9. Rc1 Nxc3 10. Rxc3 cxd4 11. Nxd4 dxc4 12. Bxc4 Bd7 13. O-O Nc6 14. Rd3 Qf6 15. Nf3 Be8 16. b4 Rc8 17. Qb3 Ne5 18. Nxe5 Qxe5 19. f4 Qf5 20. Rd4 Bc6 21. Bd3 Qg4 22. e4 Rfd8 23. Rxd8+ Rxd8 24. b5 Be8 25. Rf3 Qh4 26. Qc3 Qf6 27. e5 Qe7 28. a4 h6 29. Qc2 Rd4 30. h3 Qd8 31. Kh2 Qh4 32. Be4 Qe1 33. Bxb7 Rd1 34. Qc8 Qg1+ 35. Kg3 Qe1+ 36. Kg4 h5+ 37. Kxh5 g6+ 38. Kh6 Qh4# 0-1


[Site "https://www.chess.com"]

[Event "Titled Tuesday Blitz September 21 2021"]
[White "FGHSMN"]
[Black "Martinez Alcantara, Jose Eduardo"]
[BlackFideId "3805662"]
[WhiteElo "2733"]
[BlackElo "2690"]
[Result "1-0"]
[Round "06"]
[TimeControl "180+1"]
[Date "2021.09.21"]
[WhiteClock "0:00:16"]
[BlackClock "0:00:02"]

1. b3 c5 2. Bb2 Nc6 3. Nf3 Nf6 4. c4 g6 5. Bxf6 exf6 6. Nc3 f5 7. g3 Bg7 8. Bg2 O-O 9. O-O d6 10. e3 Qa5 11. Qc1 Bd7 12. Rd1 a6 13. d4 cxd4 14. Nxd4 Nxd4 15. exd4 Bc6 16. Nd5 Rae8 17. Qd2 Qd8 18. Re1 Re6 19. Nf4 Ree8 20. Rad1 Bh6 21. h4 Be4 22. d5 Bxg2 23. Kxg2 Re4 24. Rxe4 fxe4 25. Qe3 Re8 26. b4 Re5 27. c5 dxc5 28. bxc5 Bxf4 29. Qxf4 Rxd5 30. Rb1 Rxc5 31. Rxb7 Qd5 32. Rb8+ Kg7 33. Qe3 Rc6 34. Re8 Re6 35. Qc3+ Kh6 36. Qe3+ Kg7 37. Qc3+ f6 38. Qc7+ Kh6 39. Qf4+ Kg7 40. Qc7+ Kh6 41. Rh8 e3+ 42. Kh2 Kh5 43. Rxh7+ Kg4 44. Qf4# 1-0


[Site "https://www.chess.com"]

[Event "Titled Tuesday Blitz September 21 2021"]
[White "Federzoni, Enzo"]
[Black "Korchmar, Vasiliy"]
[WhiteFideId "2173301"]
[BlackFideId "24131750"]
[WhiteElo "1956"]
[BlackElo "2370"]
[Result "1-0"]
[Round "06"]
[TimeControl "180+1"]
[Date "2021.09.21"]
[WhiteClock "0:00:46"]
[BlackClock "0:00:54"]

1. c4 Nf6 2. Nc3 g6 3. e4 Bg7 4. g3 O-O 5. Bg2 e5 6. d3 Nc6 7. Nge2 d6 8. O-O Bg4 9. h3 Bd7 10. Be3 Nh5 11. Kh2 f5 12. f4 exf4 13. Nxf4 Nxf4 14. Bxf4 fxe4 15. Bxe4 Nd4 16. Qd2 Bc6 17. Nd5 Qd7 18. Bh6 Nf5 19. Bxg7 Qxg7 20. Rae1 Rae8 21. Bxf5 Rxe1 22. Rxe1 Bxd5 23. cxd5 Rxf5 24. Re8+ Kf7 25. Rc8 Kf6 26. Qc3+ Re5 27. Rxc7 Qh6 28. Rd7 Qe3 29. Rxd6+ Kg5 30. h4+ Kh5 31. Qc2 Rf5 32. Rd7 Rf2+ 33. Kh3 Rxc2 34. Rxh7+ Qh6 35. g4# 1-0


[Site "https://www.chess.com"]

[Event "Titled Tuesday Blitz September 21 2021"]
[White "Florescu, Codrut-Constantin"]
[Black "Tarigan, Gilbert Elroy"]
[WhiteFideId "1202200"]
[BlackFideId "7108133"]
[WhiteElo "2243"]
[BlackElo "1908"]
[Result "0-1"]
[Round "06"]
[TimeControl "180+1"]
[Date "2021.09.21"]
[WhiteClock "0:00:13"]
[BlackClock "0:00:22"]

1. d4 d6 2. e4 h5 3. Nc3 Bg4 4. f3 Bd7 5. Be3 c6 6. Qd2 b5 7. a4 b4 8. Nd1 a5 9. Nf2 Nf6 10. Bd3 e5 11. f4 exd4 12. Bxd4 c5 13. Be3 h4 14. Nf3 h3 15. g3 Ng4 16. Nxg4 Bxg4 17. O-O Be7 18. Bc4 Nd7 19. Rae1 O-O 20. b3 Nb6 21. Bb5 Rc8 22. Ng5 c4 23. Bd4 d5 24. e5 Bxg5 25. fxg5 Be6 26. Rf6 Nd7 27. Bxd7 Qxd7 28. Qf4 cxb3 29. cxb3 Rc2 30. Rh6 gxh6 31. gxh6 Kh7 32. Rf1 Rg8 33. Qf3 Rg2+ 34. Kh1 Qc7 35. Qd3+ Rg6 36. Qf3 Qc2 37. Bg1 Qe4 0-1


[Site "https://www.chess.com"]

[Event "Titled Tuesday Blitz September 21 2021"]
[White "Gelman, Alexander"]
[Black "Corrales Jimenez, Fidel"]
[WhiteFideId "4118316"]
[BlackFideId "3506690"]
[WhiteElo "2375"]
[BlackElo "2555"]
[Result "1-0"]
[Round "06"]
[TimeControl "180+1"]
[Date "2021.09.21"]
[WhiteClock "0:00:07"]
[BlackClock "0:00:02"]

1. d4 Nf6 2. Nc3 d5 3. Bf4 g6 4. e3 Bg7 5. h4 h5 6. Nf3 Bg4 7. Qd2 Bxf3 8. gxf3 c6 9. O-O-O Nbd7 10. e4 e6 11. Kb1 O-O 12. Rg1 Kh7 13. Bd3 Ng8 14. Bd6 Bh6 15. f4 Re8 16. Qe2 dxe4 17. Nxe4 Ndf6 18. Be5 Nxe4 19. Bxe4 Nf6 20. f5 exf5 21. Bxf5 Rg8 22. Bd3 Ng4 23. Rxg4 hxg4 24. Qxg4 Qc8 25. Qg3 Qe6 26. h5 f5 27. b3 gxh5 28. Qh3 Raf8 29. Qxh5 Rg5 30. Qh3 Qg6 31. Kb2 Qh5 32. Qf1 b5 33. Re1 Kg8 34. a4 f4 35. axb5 Rxe5 36. dxe5 Bg7 37. Qe2 Re8 38. Bc4+ Kf8 39. Qxh5 Re7 40. Qf5+ Ke8 41. Qc8# 1-0


[Site "https://www.chess.com"]

[Event "Titled Tuesday Blitz September 21 2021"]
[White "Ghimpu, Samuel-Timotei"]
[Black "Gubanov, Oleg"]
[WhiteFideId "1238175"]
[BlackFideId "14115115"]
[WhiteElo "2012"]
[BlackElo "2128"]
[Result "1-0"]
[Round "06"]
[TimeControl "180+1"]
[Date "2021.09.21"]
[WhiteClock "0:00:08"]
[BlackClock "0:00:14"]

1. b3 Nf6 2. Bb2 g6 3. e4 Bg7 4. e5 Nd5 5. Nf3 d6 6. Qe2 dxe5 7. Nxe5 O-O 8. Nc3 Nxc3 9. Bxc3 Nd7 10. Nxd7 Bxd7 11. Bxg7 Kxg7 12. h4 h5 13. O-O-O a5 14. Kb2 a4 15. Qe5+ f6 16. Qg3 Bg4 17. Bd3 Qd6 18. Qxd6 cxd6 19. f3 Bd7 20. Rhg1 e5 21. Be4 Bc6 22. d4 d5 23. Bd3 e4 24. fxe4 dxe4 25. Be2 axb3 26. axb3 f5 27. g3 Kf6 28. c4 Rfd8 29. d5 Bd7 30. c5 Ke5 31. Bc4 Rdc8 32. b4 Ra4 33. Kb3 Rca8 34. Rb1 Ra2 35. Rb2 R8a3+ 36. Kc2 Rxb2+ 37. Kxb2 Rf3 38. b5 Kd4 39. c6 Bc8 40. Bb3 Kc5 41. cxb7 Bxb7 42. Rd1 Rd3 43. Rxd3 exd3 44. Kc3 Bxd5 45. Bxd5 Kxd5 46. Kxd3 Kc5 47. Ke3 Kxb5 48. Kf4 Kc5 49. Kg5 Kd5 50. Kxg6 Ke5 51. Kxh5 f4 52. gxf4+ Kxf4 53. Kg6 1-0


[Site "https://www.chess.com"]

[Event "Titled Tuesday Blitz September 21 2021"]
[White "Girinath, P.D.S."]
[Black "Gontcharov, Vladislav"]
[WhiteFideId "5000572"]
[BlackFideId "4123492"]
[WhiteElo "2333"]
[BlackElo "2503"]
[Result "0-1"]
[Round "06"]
[TimeControl "180+1"]
[Date "2021.09.21"]
[WhiteClock "0:00:02"]
[BlackClock "0:00:50"]

1. e4 e6 2. d3 c5 3. Nf3 Nc6 4. g3 g6 5. Bg2 Bg7 6. O-O Nge7 7. Re1 O-O 8. c3 d5 9. Qe2 b5 10. e5 Rb8 11. Bf4 b4 12. c4 Nd4 13. Nxd4 cxd4 14. Nd2 Bb7 15. c5 Nc6 16. h4 a5 17. h5 g5 18. h6 Bxh6 19. Qg4 Kh8 20. Qh5 Kg7 21. Nf3 gxf4 22. g4 Ne7 23. g5 Bxg5 24. Qxg5+ Ng6 25. Qxd8 Rfxd8 26. Nxd4 Rdc8 27. Rac1 Ba6 28. Bf1 Rc7 29. f3 Rbc8 30. c6 Rb8 31. Rc5 Ne7 32. Rxa5 Rb6 33. Rc1 Nc8 34. Kf2 Kf8 35. Rac5 Na7 36. Ne2 Rbxc6 37. Rxc6 Rxc6 38. d4 Bxe2 39. Rxc6 Nxc6 40. Bxe2 Nxd4 41. Bd3 h6 42. a4 bxa3 43. bxa3 Ke7 44. a4 Nc6 45. Bb5 Nxe5 46. a5 Kd6 47. a6 Kc7 48. Kg2 Kb6 0-1


[Site "https://www.chess.com"]

[Event "Titled Tuesday Blitz September 21 2021"]
[White "GjakanTati"]
[Black "Dobrov, Vladimir"]
[BlackFideId "4136594"]
[WhiteElo "2617"]
[BlackElo "2614"]
[Result "1-0"]
[Round "06"]
[TimeControl "180+1"]
[Date "2021.09.21"]
[WhiteClock "0:00:42"]
[BlackClock "0:00:03"]

1. d4 Nf6 2. c4 e6 3. Nf3 d5 4. Nc3 c6 5. e3 Nbd7 6. Qc2 Bd6 7. b3 O-O 8. Bb2 b6 9. Bd3 Bb7 10. O-O Qe7 11. e4 dxe4 12. Nxe4 Nxe4 13. Bxe4 Nf6 14. Bd3 h6 15. Rfe1 Rfd8 16. Qc3 Qf8 17. Ne5 Bb4 18. Qc2 Bxe1 19. Rxe1 c5 20. dxc5 Qxc5 21. Qc3 a5 22. Ng4 Qg5 23. Nxf6+ Qxf6 24. Qc2 Qg5 25. Bf1 Rd2 26. Qc3 Rd7 27. h4 Qg6 28. h5 Qg5 29. Re3 e5 30. Rxe5 Qf6 31. Qg3 Rf8 32. Re7 Qxb2 33. Rxd7 Be4 34. Rd6 Qxa2 35. Rxb6 Kh7 36. Qe3 Qb1 37. Rd6 Re8 38. f3 Bc6 39. Qd3+ 1-0


[Site "https://www.chess.com"]

[Event "Titled Tuesday Blitz September 21 2021"]
[White "Gracia Alvarez, Gerardo Antonio"]
[Black "Gorin, Leonid"]
[WhiteFideId "5109124"]
[BlackFideId "4131991"]
[WhiteElo "2148"]
[BlackElo "2363"]
[Result "0-1"]
[Round "06"]
[TimeControl "180+1"]
[Date "2021.09.21"]
[WhiteClock "0:00:02"]
[BlackClock "0:00:12"]

1. e4 e5 2. Nf3 Nc6 3. Bc4 Bc5 4. c3 Nf6 5. d4 exd4 6. b4 Bb6 7. e5 d5 8. exf6 dxc4 9. b5 Qxf6 10. bxc6 Qxc6 11. Nxd4 Qxg2 12. Qf3 Qxf3 13. Nxf3 Bf5 14. Nd4 Bd3 15. Be3 O-O-O 16. Nd2 Rhe8 17. O-O-O Bc5 18. Kb2 a6 19. Rhe1 Bd6 20. h4 f6 21. Nf1 c5 22. Nc2 Kc7 23. Ng3 g6 24. Ne2 Re4 25. Nc1 Be7 26. Bf4+ Rxf4 27. Rxe7+ Kc6 28. Rd2 Rxh4 29. Ne3 b5 30. a4 Rd7 31. Re6+ Rd6 32. Re7 f5 33. axb5+ axb5 34. Ne2 f4 35. Ng2 Rh2 36. Ngxf4 Rxf2 37. Kc1 Rf3 38. Rxh7 b4 39. cxb4 cxb4 40. Nxd3 Rfxd3 41. Rxd3 Rxd3 42. Rh6 Rd6 43. Nf4 g5 44. Rxd6+ Kxd6 45. Ng2 Kd5 46. Kc2 Ke4 47. Ne1 g4 48. Ng2 g3 49. Nh4 b3+ 50. Kc3 Ke3 51. Nf5+ Kf2 52. Nh4 0-1


[Site "https://www.chess.com"]

[Event "Titled Tuesday Blitz September 21 2021"]
[White "Grandelius, Nils"]
[Black "Petesch, Gabriel"]
[WhiteFideId "1710400"]
[BlackFideId "2032465"]
[WhiteElo "2651"]
[BlackElo "2374"]
[Result "1-0"]
[Round "06"]
[TimeControl "180+1"]
[Date "2021.09.21"]
[WhiteClock "0:01:52"]
[BlackClock "0:00:36"]

1. c4 e6 2. Nc3 d5 3. e3 Nf6 4. Nf3 Be7 5. b3 O-O 6. Bb2 b6 7. cxd5 Nxd5 8. Qc2 c5 9. h4 Nb4 10. Qe4 N8c6 11. a3 Nd5 12. Bc4 Nxc3 13. Bxc3 Bb7 14. Ng5 g6 15. Nxe6 Nd4 16. Qxb7 Nxe6 17. Qe4 Qd6 18. h5 Ng5 19. hxg6 Bf6 20. gxf7+ Kh8 21. Qf5 Bxc3 22. dxc3 Qe7 23. Rh5 1-0


[Site "https://www.chess.com"]

[Event "Titled Tuesday Blitz September 21 2021"]
[White "Guz, Ari"]
[Black "Zavivaeva, Emilia"]
[WhiteFideId "2825759"]
[BlackFideId "34127531"]
[WhiteElo "1913"]
[BlackElo "1732"]
[Result "1-0"]
[Round "06"]
[TimeControl "180+1"]
[Date "2021.09.21"]
[WhiteClock "0:00:25"]
[BlackClock "0:00:04"]

1. e4 c5 2. Nf3 Nc6 3. c3 e6 4. d4 cxd4 5. cxd4 d5 6. Bd3 dxe4 7. Bxe4 Bd7 8. Nc3 Nf6 9. Bb1 Be7 10. O-O O-O 11. Bg5 h6 12. Bh4 Rc8 13. a3 a6 14. Qd3 g6 15. Qd2 Kg7 16. Bd3 Na5 17. Ne5 Nb3 18. Qe2 Nxd4 19. Qe1 Bc6 20. Rd1 Qb6 21. Qe3 Rcd8 22. Rfe1 Qxb2 23. Ne4 Nf5 24. Qf4 Nxe4 25. Bxe7 Nxe7 26. Bxe4 Bxe4 27. Rxd8 Rxd8 28. Qxf7+ Kh8 29. Qxe7 Qd2 30. Nf7+ Kg8 31. Qxd8+ Qxd8 32. Nxd8 Bd5 33. Nxe6 Kf7 34. Nf4 Bc4 35. Rc1 b5 36. a4 g5 37. Nh5 Kg6 38. Ng3 Kf6 39. Ne4+ Ke5 40. Nd2 Bd3 41. axb5 axb5 42. f3 b4 43. Kf2 Bb5 44. Ke3 Bd7 45. Nb3 Be6 46. Nd4 Bg8 47. Rc5+ Kd6 48. Rb5 b3 49. Nxb3 Bc4 50. Nd4 Bxb5 51. Nxb5+ Ke5 52. Nd4 Kf6 53. Ke4 Kg6 54. g4 Kf6 55. Kd5 Kg6 56. Ke5 Kg7 57. Nf5+ Kg6 58. h3 Kh7 59. Kf6 h5 60. Kxg5 hxg4 61. hxg4 Kg8 62. Nh4 Kf7 63. f4 Kg7 64. f5 Kf7 65. Nf3 Kg7 66. Kf4 Kf7 67. g5 Kg7 68. g6 Kf6 69. Ng5 Kg7 70. Ke5 Kg8 71. Kf6 Kf8 72. Ne6+ Kg8 73. g7 Kh7 74. Kf7 Kh6 75. g8=Q Kh5 76. Qg5# 1-0


[Site "https://www.chess.com"]

[Event "Titled Tuesday Blitz September 21 2021"]
[White "Dronavalli, Harika"]
[Black "Pourkashiyan, Atousa"]
[WhiteFideId "5015197"]
[BlackFideId "12502014"]
[WhiteElo "2422"]
[BlackElo "2285"]
[Result "1-0"]
[Round "06"]
[TimeControl "180+1"]
[Date "2021.09.21"]
[WhiteClock "0:00:28"]
[BlackClock "0:00:05"]

1. Nf3 d5 2. c4 e6 3. g3 Nf6 4. Bg2 d4 5. O-O c5 6. e3 Be7 7. exd4 cxd4 8. d3 Nc6 9. Re1 O-O 10. Na3 Nd7 11. Nc2 e5 12. b4 f6 13. Rb1 a6 14. Nd2 Nb6 15. Bb2 Na4 16. Ba1 Bf5 17. Ne4 Nb6 18. Nc5 Qc7 19. Qf3 Bd7 20. Nxd7 Qxd7 21. c5 Na4 22. Qd5+ Qxd5 23. Bxd5+ Kh8 24. Bb3 Nc3 25. Bxc3 dxc3 26. Bd5 Rfd8 27. Be4 Rab8 28. Rb3 a5 29. a3 axb4 30. axb4 g6 31. Rxc3 f5 32. Bxc6 bxc6 33. f4 e4 34. dxe4 fxe4 35. Rxe4 Bf6 36. Rf3 Rd2 37. Rf2 Rd1+ 38. Kg2 Rbd8 39. Rfe2 Kg7 40. Ne3 R1d2 41. Ng4 Rxe2+ 42. Rxe2 Bc3 43. Re7+ Kf8 44. Rxh7 Bxb4 45. Rc7 Bxc5 46. Rxc6 Bd4 47. Rxg6 Kf7 48. Rg5 Bc3 49. Rf5+ Kg6 50. Rc5 Rd2+ 51. Kf3 Bb4 52. Rc6+ Kf7 53. Ne5+ Ke8 54. h4 Ba3 55. h5 Rh2 56. h6 Bb2 57. Ra6 Ke7 58. Kg4 Rg2 59. h7 Rh2 60. Ra8 1-0


[Site "https://www.chess.com"]